 Dungeon Crawl Stone Soup version 0.28.0 (webtiles) character file.

Game seed: 17993125828501823455

10968 cbfl8 the Cruncher (level 11, -3/101 HPs)
             Began as a Minotaur Berserker on Feb 16, 2022.
             Was an Elder of Trog.
             Slain by an orc knight (14 damage)
             ... on level 2 of the Orcish Mines on Feb 17, 2022.
             The game lasted 00:34:59 (13587 turns).

cbfl8 the Cruncher (Minotaur Berserker)            Turns: 13587, Time: 00:34:59

Health: -3/101     AC: 26    Str: 27    XL:     11   Next: 43%
Magic:  10/10      EV:  9    Int: 10    God:    Trog [****..]
Gold:   949        SH:  0    Dex:  9    Spells: 10/10 levels left

rFire   + . .      SeeInvis +   C - +1 lajatang of Floral True Grit {flame, *Rage rF+ Int+6}
rCold   + . .      Faith    .   (shield currently unavailable)
rNeg    . . .      Spirit   .   p - +6 plate armour {ponderous}
rPois   +          Reflect  .   (helmet restricted)
rElec   .          Harm     .   m - +2 cloak
rCorr   .          Rampage  .   I - +0 pair of gloves
Will    ++...      Rage     20% (no boots)
Stlth   ..........              (no amulet)
HPRegen 1.26/turn               v - ring of see invisible
MPRegen 0.12/turn               H - ring "Sopyell" {rPois rC+}

@: strong-willed, on berserk cooldown, flying, regenerating, slowed, very slow
A: horns 2, retaliatory headbutt
a: Renounce Religion, Berserk, Trog's Hand, Brothers in Arms


You were on level 2 of the Orcish Mines.
You worshipped Trog.
Trog was greatly pleased with you.
You visited 3 branches of the dungeon, and saw 12 of its levels.
You also visited: Sewer and Ossuary.

You collected 949 gold pieces.

Inventory:

Hand Weapons
 a - a +0 hand axe
 c - a +4 flail
 l - a +5 quarterstaff of chaos
 C - the +1 lajatang of Floral True Grit (weapon) {flame, *Rage rF+ Int+6}
   (You acquired it on level 8 of the Dungeon)

   It burns those it strikes, dealing additional fire damage.
   Big, fiery blades are also staple armaments of hydra-hunters.
   Int:       It affects your intelligence (+6).
   rF:        It protects you from fire.
   *Rage:     It berserks you when you make melee attacks (+20% chance).
Armour
 b - a +0 animal skin
 f - a +0 ring mail
 g - a +2 ring mail of cold resistance
 m - a +2 cloak (worn)
 p - a +6 plate armour of ponderousness (worn)
 x - a scarf of harm
 E - a +0 kite shield
 I - a +0 pair of gloves (worn)
Magical Staves
 e - a staff of cold
Jewellery
 v - a ring of see invisible (left hand)
 H - the ring "Sopyell" (right hand) {rPois rC+}
   (You acquired it on level 8 of the Dungeon)

   [ring of poison resistance]

   rC:        It protects you from cold.
   rPois:     It protects you from poison.
Wands
 k - a wand of polymorph (2)
 s - a wand of iceblast (9)
 y - a wand of flame (15)
 z - a wand of paralysis (5)
 K - a wand of acid (3)
Scrolls
 n - 6 scrolls of noise
 q - 4 scrolls of teleportation
 u - a scroll of summoning
 w - 2 scrolls of silence
 B - 3 scrolls of fear
 J - a scroll of blinking
Potions
 d - a potion of might
 h - 4 potions of cancellation
 i - a potion of brilliance
 o - a potion of resistance
 r - 3 potions of mutation
 A - a potion of haste {unknown}
 D - 3 potions of ambrosia
 F - a potion of flight
 G - 2 potions of invisibility {unknown}
Miscellaneous
 t - a piece from Xom's chessboard (15/15)


   Skills:
 + Level 10.7 Fighting
 + Level 5.7 Axes
 + Level 13.9 Staves
 + Level 11.4 Armour
 + Level 4.5 Dodging
 + Level 2.3 Stealth


You had 10 spell levels left.
You didn't know any spells.
Your spell library contained the following spells:

 Spells                   Type           Power      Damage    Failure   Level
 Magic Dart               Conj           0%         1d3       97%         1
 Call Imp                 Summ           0%         N/A       99%         2
 Call Canine Familiar     Summ           0%         N/A       100%        3
 Mephitic Cloud           Conj/Pois/Air  0%         N/A       100%        3
 Portal Projectile        Hex/Tloc       0%         N/A       100%        3
 Fulminant Prism          Conj/Hex       0%         3d6       100%        4
 Iskenderun's Mystic Bla  Conj/Tloc      0%         2d3       100%        4
 Leda's Liquefaction      Hex/Erth       0%         N/A       100%        4
 Lee's Rapid Deconstruct  Erth           0%         3d5*      100%        5


Dungeon Overview and Level Annotations

Branches:
Dungeon (9/15)             Temple (1/1) D:4             Orc (2/2) D:9
    Elf (0/3) Orc:2         Sewer (visited)         Ossuary (visited)
   Lair: D:8-11

Altars:
Ashenzari
Dithmenos
Elyvilon
Fedhas
Gozag
Hepliaklqana
Kikubaaqudgha
Makhleb
Nemelex Xobeh
Okawaru
Ru
Sif Muna
Trog
Uskayaw
Vehumet
Wu Jian
Xom
Yredelemnul
Zin
The Shining One
Beogh

Shops:
D:4 *


Innate Abilities, Weirdness & Mutations

You have a pair of horns on your head.
You reflexively headbutt those who attack you in melee.


Message History

You closely miss the orc warrior.
The orc warrior is moderately wounded.
The orc warrior hits you but does no damage.
The orc knight barely misses you.
The orc priest hits you but does no damage.
Unknown command.
The orc warrior shouts!
You hit the orc warrior. You burn the orc warrior.
Your headbutt misses the orc warrior.
The orc warrior is heavily wounded.
The orc warrior closely misses you. The orc knight closely misses you.
The orc priest closely misses you.
You hit the orc warrior but do no damage.
You headbutt the orc warrior.
The orc warrior is severely wounded.
The orc warrior hits you with a +0 dire flail.
* * * LOW HITPOINT WARNING * * *
The orc knight hits you from afar with a +3 bardiche of protection!
* * * LOW HITPOINT WARNING * * *
The orc priest hits you with a +0 dagger.
* * * LOW HITPOINT WARNING * * *
You hit the orc warrior. You burn the orc warrior.
The orc warrior is almost dead.
The orc warrior barely misses you.
The orc priest calls upon Beogh to heal the orc warrior.
The orc warrior is healed somewhat.
The orc knight roars a battlecry!
The orcs go into a battle-frenzy!
You hear a shout! x4
Okay, then.
It was a potion of flight.
You feel very buoyant.
You fly up into the air.
The orc warrior hits you with a +0 dire flail.
* * * LOW HITPOINT WARNING * * *
The orc knight roars a battlecry!
The orc priest completely misses you.
The orc warrior hits you but does no damage.
The orc knight hits you from afar with a +3 bardiche of protection!
You die...

....o..
##...##...........
..#####.#.##............
....8...................
..........##.#..........
........#.###)..........
.......o................
....8.oo#.....#.........
o.#####oo...####.#.....#
#@#.### ####..... #####
##.... ##... .... ...
..## ... .## .o# ..##
...#


You could see an orc knight, an orc warrior (strong), 2 orc priests and an orc
(strong).

Vanquished Creatures
  A centaur warrior (D:9)
  Erica (Orc:1)
  A two-headed ogre (D:8)
  An orc high priest (Orc:2)
  A cyclops (D:9)
  An ugly thing (D:9)
  A hornet (D:9)
  4 trolls
  Grinder (D:3)
  Prince Ribbit (D:7)
  A shadow (D:9)
  2 steam dragons
  A warg (Orc:2)
  An acid dragon (D:9)
  2 black bears
  16 orc warriors
  2 ogres
  2 centaurs (D:9)
  A phantom (D:5)
  2 kobold brigands (D:7)
  2 bullfrogs (D:6)
  3 scorpions
  A wyvern skeleton (D:5)
  2 water moccasin skeletons (D:5)
  10 killer bees (D:8)
  A howler monkey (D:8)
  2 centaur zombies
  4 hounds
  2 human zombies (Ossuary)
  2 centaur skeletons
  16 orc priests
  Crazy Yiuf (D:2)
  2 gnoll shamans
  A jelly (D:6)
  2 iguanas
  17 orc wizards
  Terence (D:2)
  Natasha (thrice) (D:4)
  The ghost of Esekla the Sneak, a weakling BaDe (D:5)
  2 hound zombies (Ossuary)
  4 mummies (Ossuary)
  3 howler monkey zombies
  A howler monkey skeleton (D:5)
  15 gnolls
  A river rat (Sewer)
  7 adders
  2 white imps
  An ufetubus (D:5)
  2 adder zombies (Ossuary)
  An adder skeleton (D:4)
  2 worms
  5 dart slugs
  47 orcs
  14 ball pythons
  12 endoplasms
  4 giant cockroaches
  15 goblins
  8 hobgoblins
  13 kobolds
  4 quokkas
  7 bats
  7 frilled lizards
  A goblin zombie (Ossuary)
  2 jackal zombies (Ossuary)
  2 orc zombies (Ossuary)
  13 rats
  A rat zombie (Ossuary)
  2 butterflies (D:5)
314 creatures vanquished.

Vanquished Creatures (collateral kills)
  A cyclops (Orc:1)
  A warg (Orc:1)
  An orc warrior (Orc:1)
  An orc priest (Orc:1)
  5 orcs
9 creatures vanquished.

Vanquished Creatures (others)
  A fungus (D:4)
1 creature vanquished.

Grand Total: 324 creatures vanquished

Notes
Turn   | Place    | Note
-------+----------+-------------------------------------------
     0 | D:1      | cbfl8 the Minotaur Berserker began the quest for the Orb.
     0 | D:1      | Reached XP level 1. HP: 19/19 MP: 0/0
   194 | D:1      | Reached XP level 2. HP: 4/27 MP: 1/1
   997 | D:1      | Reached XP level 3. HP: 33/33 MP: 2/2
  1228 | D:1      | Reached ** piety under Trog
  1601 | D:2      | Reached XP level 4. HP: 41/41 MP: 3/3
  1621 | D:2      | Noticed Terence
  1639 | D:2      | Killed Terence
  2799 | D:2      | Found a runed translucent door.
  2800 | D:2      | Noticed Crazy Yiuf
  2971 | D:2      | Killed Crazy Yiuf
  2972 | D:2      | Reached skill level 5 in Axes
  2972 | D:2      | Reached skill level 1 in Stealth
  2972 | D:2      | Reached XP level 5. HP: 5/47 MP: 4/4
  3624 | D:3      | Found a broken altar of Ashenzari.
  3838 | D:3      | Found a faded altar of an unknown god.
  3869 | D:3      | Noticed Grinder
  3882 | D:3      | Paralysed by Grinder for 3 turns
  3885 | D:3      | Killed Grinder
  3886 | D:3      | Reached skill level 5 in Fighting
  3886 | D:3      | Reached skill level 2 in Staves
  3886 | D:3      | Reached XP level 6. HP: 28/56 MP: 5/5
  4495 | D:4      | Found Cunty's Assorted Antiques.
  4622 | D:4      | Noticed Natasha
  4626 | D:4      | Killed Natasha
  4627 | D:4      | Reached XP level 7. HP: 61/61 MP: 6/6
  4663 | D:4      | Found a white marble altar of Elyvilon.
  4748 | D:4      | Noticed Natasha
  4755 | D:4      | Killed Natasha
  4756 | D:4      | Reached skill level 5 in Armour
  4777 | D:4      | Noticed Natasha
  4790 | D:4      | Killed Natasha
  4950 | D:4      | Reached *** piety under Trog
  5129 | D:4      | Reached skill level 3 in Staves
  5319 | D:4      | Found an opulent altar of Gozag.
  5534 | D:4      | Found a staircase to the Ecumenical Temple.
  5544 | Temple   | Entered the Ecumenical Temple
  5893 | D:5      | Entered Level 5 of the Dungeon
  5914 | D:5      | Reached skill level 4 in Staves
  5924 | D:5      | Found a shimmering altar of Xom.
  5997 | D:5      | Found a transporter.
  6002 | D:5      | Noticed Esekla's ghost (weakling BaDe)
  6005 | D:5      | Found a transporter.
  6140 | D:5      | Found an ancient bone altar of Kikubaaqudgha.
  6183 | D:5      | Noticed a steam dragon
  6189 | D:5      | Killed a steam dragon
  6190 | D:5      | Reached skill level 5 in Staves
  6190 | D:5      | Reached XP level 8. HP: 70/70 MP: 7/7
  6232 | D:5      | Reached skill level 6 in Staves
  6673 | D:5      | Killed Esekla's ghost
  6682 | D:5      | Reached skill level 7 in Staves
  6823 | D:6      | Found a glowing drain.
  6912 | Sewer    | Entered a sewer
  7695 | D:6      | Reached skill level 8 in Staves
  8025 | D:7      | Noticed Prince Ribbit
  8048 | D:7      | Killed Prince Ribbit
  8049 | D:7      | Reached XP level 9. HP: 61/78 MP: 8/8
  8090 | D:7      | Reached **** piety under Trog
  8290 | D:7      | Found an ornate altar of the Wu Jian Council.
  8291 | D:7      | Found a glowing silver altar of Zin.
  8296 | D:7      | Found a sacrificial altar of Ru.
  8985 | D:8      | Noticed a two-headed ogre
  8988 | D:8      | Identified a scroll of acquirement
  8990 | D:8      | Killed a two-headed ogre
  8991 | D:8      | Reached skill level 9 in Staves
  9004 | D:7      | Acquired the +1 lajatang of Floral True Grit {flame, *Rage
                  | rF+ Int+6}
  9081 | D:8      | Reached skill level 10 in Staves
  9143 | D:8      | Found a sand-covered staircase.
  9147 | Ossuary  | Entered an ossuary
  9615 | D:8      | Acquired the ring "Sopyell" {rPois rC+}
 10171 | D:9      | Reached XP level 10. HP: 88/88 MP: 9/9
 10308 | D:9      | Found a staircase to the Orcish Mines.
 10316 | D:9      | Reached skill level 11 in Staves
 10477 | D:9      | Found a bloodstained altar of Trog.
 10612 | D:9      | Noticed a purple ugly thing
 10619 | D:9      | Killed a purple ugly thing
 10646 | D:9      | Noticed a centaur warrior
 10657 | D:9      | Killed a centaur warrior
 10909 | D:9      | Noticed a cyclops
 10916 | D:9      | Killed a cyclops
 10917 | D:9      | Reached skill level 12 in Staves
 10917 | D:9      | Reached skill level 10 in Armour
 11286 | D:9      | Reached ***** piety under Trog
 11621 | Orc:1    | Entered Level 1 of the Orcish Mines
 12164 | Orc:1    | You fall into a shaft and drop 1 floor!
 12164 | Orc:2    | Entered Level 2 of the Orcish Mines
 12194 | Orc:1    | Reached skill level 13 in Staves
 12195 | Orc:1    | Noticed a cyclops
 12205 | Orc:1    | Killed a cyclops
 12206 | Orc:1    | Reached XP level 11. HP: 62/99 MP: 10/10
 12481 | Orc:1    | Noticed Erica
 12492 | Orc:1    | Killed Erica
 12493 | Orc:1    | Reached skill level 10 in Fighting
 13023 | Orc:2    | Found a staircase to the Elven Halls.
 13041 | Orc:2    | Noticed an orc high priest
 13054 | Orc:2    | Noticed an orc sorcerer
 13056 | Orc:2    | Killed an orc high priest
 13066 | Orc:2    | Noticed an orc warlord
 13072 | Orc:2    | HP: 5/101 [barbs]
 13073 | Orc:2    | HP: 2/101 [poisoned by an orc sorcerer]
 13568 | Orc:2    | Noticed an orc knight
 13569 | Orc:2    | Noticed an orc knight
 13587 | Orc:2    | Slain by an orc knight

Illustrated notes

Levels and vault maps discovered:
D:1:      minmay_arrival_split_and_join, layout_basic, grunt_decor_arrowhead,
          minmay_tromino_v4_c
D:2:      layout_loops_corners, st_stairs_1, grunt_decor_mini_mirrors,
          minmay_misc_feat_pillars, uniq_crazy_yiuf_cottage, uniq_terence
D:3:      layout_loops_ring, evilmike_ruin_ashenzari, basic_ecumenical_altar,
          nicolae_elevator_lobby_asterisk, uniq_grinder
D:4:      layout_loops_corners, elyvilon_altar_1, amcnicky_altar_gilded,
          temple_statues, serial_shops, kennysheep_little_box, uniq_natasha
D:5:      layout_cave_pools, kennysheep_mini_moat, xom_butterflies,
          gammafunk_ghost_mausoleum
D:6:      layout_basic, cheibrodos_sewer_entry_sluice
D:7:      layout_gridville, minitemple, uniq_prince_ribbit1
D:8:      layout_basic, enter_bailey_3, enter_ossuary_5, glass_columns_b
D:9:      layout_small_grid, lemuel_crystal_altar,
          minmay_orc_entry_temple_small, kb_rosetta
Temple:   jpeg_temple_clearing
Orc:1:    layout_caves, uniq_erica
Orc:2:    grunt_orc_cross, layout_diamond_mine, basic_altar

Skill      XL: |  1  2  3  4  5  6  7  8  9 10 11 |
---------------+----------------------------------+-----
Axes           | 4 5 |  5.7
Fighting       | 4 5 6 8 9 10 | 10.7
Dodging        | 3 4 |  4.5
Armour         | 3 4 5 7 9 10 11 | 11.4
Stealth        | 1 2 |  2.3
Staves         | 2 5 8 10 13 | 13.9

Action                   |  1- 3 |  4- 6 |  7- 9 | 10-12 || total
-------------------------+-------+-------+-------+-------++-------
Melee: Hand axe          |    56 |    37 |       |       ||    93
       Headbutt          |    14 |    14 |    41 |    41 ||   110
       Punch             |     2 |       |       |       ||     2
       Quarterstaff      |       |    60 |   217 |       ||   277
       Lajatang          |       |       |    91 |   236 ||   327
Invok: Berserk           |       |     3 |     4 |       ||     7
       Trog's Hand       |       |     1 |     3 |     6 ||    10
       Brothers in Arms  |       |       |       |     2 ||     2
  Use: Scroll            |       |       |    15 |     3 ||    18
       Potion            |       |       |     1 |     6 ||     7
 Stab: Paralysed         |       |       |     1 |       ||     1
Armor: Animal skin       |    15 |       |       |       ||    15
       Ring mail         |       |    17 |       |       ||    17
       Plate armour      |       |    26 |   388 |   285 ||   699
       Skin              |       |     3 |       |       ||     3
Dodge: Dodged            |    41 |    70 |   213 |   170 ||   494
